[Event "*** Titled Tuesday Blitz"]
[Site "Chess.com"]
[Date "2021.04.27"]
[Round "1"]
[White "KononenkoD"]
[Black "shaheus"]
[Result "1-0"]
[WhiteElo "2513"]
[BlackElo "2147"]
[TimeControl "180+1"]
[EndTime "10:07:26 PDT"]
[Termination "KononenkoD won by resignation"]

1. d4 Nf6 2. c4 g6 3. Nf3 Bg7 4.
g3 d6 5. Bg2 O-O 6. O-O Nbd7 7.
Nc3 e5 8. e4 Re8 9. Re1 c6 10. h3 a5 11. Be3 exd4 12. Nxd4 Nc5 13. Qc2 a4 14. Rad1 Qa5 15. f4 Qb4 16. b3 axb3 17.
axb3 Ra3 18. Rb1 Ne6 19. Nf3 Nd7 20. Bd2 Nd4 21. Nxd4 Bxd4+ 22. Kh2 Qb6 23. Na4 Qc7 24. Bb4 Rxa4 25. bxa4 Nc5 26. Rbd1 Bg7 27. e5 Ne6 28. Bxd6 Qa5 29. Bf3 Nc5 30. Qd2 Qa7 31. Qf2 b6 32. Bxc6 Bd7 33. Bxd7 Nxd7 34. Rd5 Qxa4 35. c5 Qc6 36.
Qd4 bxc5 37. Bxc5 Nxc5 38. Qxc5 Qa4 39. Red1 Bf8 40. Qd4 Qa2+ 41. Rd2 Qb1 42. Rd8 Re6 43.
Qc5 1-0

[Event "*** Titled Tuesday Blitz"]
[Site "Chess.com"]
[Date "2021.04.27"]
[Round "1"]
[White "Shahaliyev"]
[Black "H3nriqueTV"]
[Result "1-0"]
[WhiteElo "2654"]
[BlackElo "2318"]
[TimeControl "180+1"]
[EndTime "10:07:28 PDT"]
[Termination "Shahaliyev won by resignation"]

1. e4 c5 2. Nf3 d6 3. Nc3 Nf6 4.
d4 cxd4 5. Nxd4 Nc6 6. Bb5 Bd7 7.
Bg5 e6 8. O-O Be7 9. Bxc6 bxc6 10.
e5 dxe5 11. Nf3 Qc7 12. Re1 O-O 13. Nxe5 Rfd8 14. Qf3 Be8 15. h3 Nd5 16. Bxe7 Qxe7 17. Ne4 f6 18. Nd3 e5 19. Ng3 Bg6 20. Rad1 Rab8 21.
b3 Nc3 22. Rd2 e4 23. Qe3 Re8 24. Nf4 Qe5 25. Rd7 Nd5 26. Nxd5 cxd5 27. Qxa7 f5 28.
Rd1 f4 29. R1xd5 Qa1+ 30. Rd1 Qe5 31. Ne2 e3 32. f3 Bxc2 33. Rc1 Bf5 34. Rd4 Ra8 35. Qc5 Qxc5 36. Rxc5 Bg6 37. a4 Rab8 38. b4 Rbc8 39. Kf1 Ra8 40. a5 Reb8 41. Nxf4 Re8 42. Ke2 Bf7 43. Re4 Rad8 44. Kxe3 Rxe4+ 45. fxe4 Rd1 46. Nd5 Re1+ 47. Kd4 Rb1 48. a6 h6 49. a7 Rd1+ 50. Ke5 Ra1 51. Ra5 Bxd5 52. exd5 Re1+ 53.
Kd6 1-0

[Event "*** Titled Tuesday Blitz"]
[Site "Chess.com"]
[Date "2021.04.27"]
[Round "1"]
[White "Gerodot71"]
[Black "nicoderboss24"]
[Result "0-1"]
[WhiteElo "2563"]
[BlackElo "2285"]
[TimeControl "180+1"]
[EndTime "10:07:28 PDT"]
[Termination "nicoderboss24 won by checkmate"]

1. d4 Nf6 2. c4 e6 3. Nf3 c5 4. d5 exd5 5. cxd5 d6 6. Bf4 Be7 7. Nc3 O-O 8. e4 Nh5 9. Be3 f5 10. exf5 Bxf5 11. Be2 Nf6 12. O-O Nbd7 13. Ng5 Nb6 14. Qb3 h6 15. Nf3 Kh8 16. a4 Rb8 17. a5 Nbd7 18. Rfe1 b6 19. a6 Ne5 20. Nxe5 dxe5 21.
Rad1 Bd6 22. Nb5 Qd7 23. Bf1 Ng4 24. Bc1 e4 25. h3 Bh2+ 26. Kh1 Nxf2+ 27. Kxh2 Nxd1 28.
Rxd1 Rbe8 29. Be3 g5 30. Qc3+ Kh7 31. Be2 g4 32. hxg4 Bxg4 33. Qe1 Bxe2 34. Qxe2 Rf7 35. d6 Rg8 36. Bg1 Qf5 37. d7 Rxd7 38. Rxd7+ Qxd7 39.
Qxe4+ Rg6 40. Nc3 Qc7+ 41. Kh1 Qg3 42. Nd5 Kh8 43. Qe8+ Kh7 44. Qf7+ Kh8 45. Qf4 Qxg2# 0-1

[Event "*** Titled Tuesday Blitz"]
[Site "Chess.com"]
[Date "2021.04.27"]
[Round "1"]
[White "Aslanov_Umid"]
[Black "Anton_Demchenko"]
[Result "0-1"]
[WhiteElo "2454"]
[BlackElo "2918"]
[TimeControl "180+1"]
[EndTime "10:07:29 PDT"]
[Termination "Anton_Demchenko won by resignation"]

1. e4 e5 2. Nf3 Nc6 3. Bc4 Nf6 4. d3 Be7 5. O-O O-O 6. c3 d6 7. h3 Kh8 8. Bb3 Ng8 9. d4 f5 10. dxe5 fxe4 11. Nfd2 d5 12. c4 d4 13. Nxe4 Nxe5 14. f4 Nc6 15. Nbd2 d3 16. Nf3 Bf5 17. Ng3 Bc5+ 18.
Kh1 Nh6 19. Ng5 Qd7 20. Bd2 Bd4 21. Bc3 Bxc3 22. bxc3 Rad8 23. Qf3 d2 24. Rad1 Qd3 25. Nxf5 Nxf5 26. Qxd3 Rxd3 27. Rf2 h6 28. Ne6 Re8 29. Re2 Ng3+ 30. Kh2 Nxe2 31. Nc5 Rde3 32. Rxd2 Nxf4 33. Bd1 Ne5 34. Nxb7 Rd3 35. Rf2 Nxh3 36. gxh3 Rxd1 37. Nc5 Nd3 38. Nxd3 Rxd3 39. Rf7 Re2+ 40. Kg1 Rd1+ 0-1

[Event "*** Titled Tuesday Blitz"]
[Site "Chess.com"]
[Date "2021.04.27"]
[Round "1"]
[White "Nuvas"]
[Black "kakorrhaphiophobie"]
[Result "1-0"]
[WhiteElo "2642"]
[BlackElo "2307"]
[TimeControl "180+1"]
[EndTime "10:07:29 PDT"]
[Termination "Nuvas won by resignation"]

1. d4 f5 2. Nc3 Nf6 3. Bg5 d5 4. Bxf6 exf6 5. e3 Be6 6. Bd3 Qd7 7.
h4 h5 8. Nh3 g6 9. Nf4 Bf7 10.
a3 a6 11. Qf3 c6 12. O-O-O Qd6 13. Qg3 Rg8 14. Kb1 Nd7 15. f3 O-O-O 16. e4 fxe4 17. fxe4 dxe4 18. Bxe4 Nb6 19. d5 g5 20. hxg5 fxg5 21.
Nxh5 Qxg3 22. Nxg3 Nxd5 23. Nxd5 Bxd5 24. Bxd5 cxd5 25.
Nf5 Bc5 26. g4 d4 27. b4 Bb6 28. Ne7+ Kb8 29. Nxg8 Rxg8 30. Rh7 Rc8 31. Rg7 Rc3 32. Rd3 Rc6 33. Rxg5 Re6 34. Kb2 Ka7 35. Rg8 Re1 36. Rg3 a5 37. g5 a4 38. g6 Bc7 39. Rg2 Be5 40. Re8 d3+ 41. Rxe5 d2 42. Rd5 d1=Q 43. Rxd1 Rxd1 44. g7 Rd8 1-0

[Event "*** Titled Tuesday Blitz"]
[Site "Chess.com"]
[Date "2021.04.27"]
[Round "1"]
[White "pastouche06"]
[Black "Michaelson_11"]
[Result "1-0"]
[WhiteElo "2570"]
[BlackElo "2239"]
[TimeControl "180+1"]
[EndTime "10:07:29 PDT"]
[Termination "pastouche06 won on time"]

1. d4 Nf6 2. c4 g6 3. f3 Bg7 4. e4 d6 5. Ne2 O-O 6. Be3 Nbd7 7. Qd2 a6 8. Nec3 b5 9. cxb5 axb5 10. Bxb5 c5 11.
O-O cxd4 12. Bxd4 Ba6 13. Na3 Qa5 14. Rad1 Rfb8 15. Nc4 Qc7 16. Bxa6 Rxa6 17. b3 Nc5 18. Rc1 Nfd7 19. Bxg7 Kxg7 20. Nd5 Qd8 21. b4 Ne6 22. a3 Ne5 23. Na5 Qd7 24. f4 Ng4 25. Qc3+ f6 26. h3 Qa7+ 27. Kh1 Nf2+ 28. Rxf2 Qxf2 29.
Nc6 Rb7 30. Ncxe7 Qd4 31. Qxd4 Nxd4 32. Rc8 Rxa3 33. Rg8+ Kh6 34. Re8 Ne2 35. Nxf6 1-0

[Event "*** Titled Tuesday Blitz"]
[Site "Chess.com"]
[Date "2021.04.27"]
[Round "1"]
[White "CM_rui"]
[Black "Vladyslav_Puchka"]
[Result "1-0"]
[WhiteElo "2510"]
[BlackElo "2113"]
[TimeControl "180+1"]
[EndTime "10:07:30 PDT"]
[Termination "CM_rui won by resignation"]

1. e4 d5 2. exd5 Qxd5 3. Nf3 Bg4 4. Be2 Nc6 5. O-O O-O-O 6. Nc3 Qd7 7. d3 e5 8. Be3 f6 9. a3 Kb8 10. b4 h5 11. Ne4 b6 12. h3 Be6 13. c4 Nh6 14. c5 Nf5 15. b5 Nxe3 16. fxe3 Na5 17.
c6 Qd5 18. a4 Nb3 19. Rb1 Nc5 20. Qc2 Nxd3 21. Nc3 Qc4 22. Rfd1 Bf5 23. Nd2 Qc5 24. Nf1 Be7 25. Bxd3 Bxd3 26. Rxd3 Rxd3 27. Qxd3 f5 28. Rd1 a5 29. Nd5 Bd6 30. Qxf5 Rf8 31. Qd7 Qc2 32. Rd2 Rxf1+ 33. Kxf1 Qxd2 34. Qe8+ Ka7 35. Qc8 Qd1+ 36.
Kf2 Qd2+ 37. Kg3 e4+ 38. Nf4 Bxf4+ 39. Kxf4 Qf2+ 40. Ke5 Qg3+ 41. Kd4 Qd6+ 42. Kxe4 Qe6+ 43. Qxe6 1-0

[Event "*** Titled Tuesday Blitz"]
[Site "Chess.com"]
[Date "2021.04.27"]
[Round "1"]
[White "MPGM"]
[Black "JiiHart"]
[Result "1/2-1/2"]
[WhiteElo "2479"]
[BlackElo "2016"]
[TimeControl "180+1"]
[EndTime "10:07:32 PDT"]
[Termination "Game drawn by repetition"]

1. e4 c5 2. Nf3 Nc6 3. Bb5 g6 4. O-O Bg7 5. Re1 Nf6 6. c3 O-O 7.
d4 cxd4 8. cxd4 d5 9. e5 Ne4 10. Nc3 Nxc3 11. bxc3 Qa5 12. Bxc6 bxc6 13. Bd2 Qc7 14. h3 Bf5 15. Nh4 Bd3 16. Bf4 Bc4 17.
Nf3 e6 18. Qd2 Rfb8 19. Bh6 Bh8 20. Bg5 Rb7 21. Qf4 Rab8 22. Qh4 Rb2 23. Bf6 Qc8 24. Bxh8 Kxh8 25. Qf6+ Kg8 26. Ng5 Qf8 27. h4 Qg7 28. Qf4 h6 29. Nf3 Rxa2 30. Rxa2 Bxa2 31. Ra1 Rb1+ 32.
Rxb1 Bxb1 33. Nh2 g5 34. Qc1 Qg6 35. Ng4 Kg7 36. Nf6 Qc2 37. Qe3 Qd3 38. Qe1 a5 39.
hxg5 hxg5 40. Qc1 Qf5 41. Qa3 Qc2 42. Qxa5 Qc1+ 43. Kh2 Qf4+ 44. Kg1 Qc1+ 45. Kh2 Qf4+ 46. Kg1 Qc1+ 1/2-1/2

[Event "*** Titled Tuesday Blitz"]
[Site "Chess.com"]
[Date "2021.04.27"]
[Round "1"]
[White "Yana_pro"]
[Black "UKR_Master"]
[Result "0-1"]
[WhiteElo "1978"]
[BlackElo "2484"]
[TimeControl "180+1"]
[EndTime "10:07:32 PDT"]
[Termination "UKR_Master won on time"]

1. e4 c5 2. Nf3 e6 3. d4 cxd4 4. Nxd4 a6 5. Nc3 Qc7 6. Be3 Bb4 7. Bd2 Nf6 8. Bd3 Nc6 9. Nf3 O-O 10. O-O b5 11. Re1 d6 12. a4 bxa4 13. Rxa4 Bc5 14. h3 Rb8 15. b3 a5 16. Ne2 Qb6 17. Rf1 Bd7 18. Qa1 Nb4 19. Bxb4 axb4 20. Ra6 Qb7 21.
e5 dxe5 22. Nxe5 Bb5 23. Bxb5 Qxb5 24. Ng3 Rfd8 25. Nc4 Qb7 26. Ra4 Qd5 27. Qe1 Qg5 28. Kh1 h5 29. Ne4 Nxe4 30. Qxe4 Rd4 31. Qe2 Rbd8 32.
Ra5 R4d5 33. Qf3 Qg6 34. Qe2 h4 35. f4 Qf5 36. Qg4 Qxc2 37. Qxh4 Qxb3 38. Ne5 Qc3 39. Qg5 f6 40. Qh4 fxe5 41. fxe5 Rd1 42. Rxc5 Rxf1+ 43. Kh2 Qxc5 0-1

[Event "*** Titled Tuesday Blitz"]
[Site "Chess.com"]
[Date "2021.04.27"]
[Round "1"]
[White "Abdimalik_Abdisalimov"]
[Black "MatyChess1"]
[Result "0-1"]
[WhiteElo "2336"]
[BlackElo "2672"]
[TimeControl "180+1"]
[EndTime "10:07:33 PDT"]
[Termination "MatyChess1 won by checkmate"]

1. d4 d5 2. c4 e6 3. Nf3 Nf6 4.
g3 Be7 5. Bg2 O-O 6. O-O dxc4 7.
Ne5 Qd6 8. Nxc4 Qa6 9. Qc2 Nc6 10. e4 Nxd4 11. Qd3 Rd8 12. b3 e5 13. Bb2 Bg4 14. Bxd4 Rxd4 15. Qc2 Qe6 16. Nc3 c6 17. Ne3 Rad8 18. Na4 Rd2 19. Qc3 Bh3 20. Nc5 Bxc5 21. Qxc5 Bxg2 22. Kxg2 Nxe4 23. Qb4 f5 24. Rad1 Rxd1 25.
Rxd1 Rxd1 26. Nxd1 b6 27. Ne3 g6 28. Qa3 a5 29. Qb2 Nd6 30. Qe2 f4 31. Qb2 fxe3 32. fxe3 Qd5+ 33. Kh3 Qe6+ 34. Kg2 Ne4 35. Qc2 Qd5 36.
Qc4 Qxc4 37. bxc4 Nd2 38. Kf2 Nxc4 39. Ke2 b5 40. Kd3 a4 41. Ke4 Kf7 42. Kd3 Ke6 43.
e4 Kd6 44. a3 Nxa3 45. Kc3 Nc4 46. Kb4 h5 47. Kc3 Kc5 48. Kd3 b4 49. Kc2 Kd4 50. Kd1 b3 51. Ke2 Kxe4 52. Ke1 Ke3 53. g4 b2 54. Kf1 b1=Q+ 55. Kg2 Qe4+ 56. Kg3 Qxg4# 0-1

[Event "*** Titled Tuesday Blitz"]
[Site "Chess.com"]
[Date "2021.04.27"]
[Round "1"]
[White "OlegKrivonosov"]
[Black "ChronicUnhappiness"]
[Result "1-0"]
[WhiteElo "2672"]
[BlackElo "2333"]
[TimeControl "180+1"]
[EndTime "10:07:34 PDT"]
[Termination "OlegKrivonosov won on time"]

1. Nf3 Nf6 2. c4 e6 3. g3 d5 4. d4 Bb4+ 5. Bd2 Be7 6. Bg2 O-O 7. O-O b6 8. Ne5 Bb7 9. Bf4 Nbd7 10. Nc3 Nxe5 11.
dxe5 Ne4 12. cxd5 Nxc3 13. bxc3 Bxd5 14. c4 Bxg2 15. Kxg2 Qxd1 16. Rfxd1 Rfd8 17. Rd3 Kf8 18. Rad1 Ke8 19. Kf3 a6 20. a4 c6 21. Rb1 Rxd3+ 22.
exd3 Rb8 23. d4 b5 24. axb5 axb5 25. Ke4 Kd7 26. Bd2 Kc8 27. Rc1 bxc4 28. Rxc4 Kd7 29. Ra4 Rb7 30. Ra8 Bd8 31. h4 h5 32. Ra4 g6 33. Bb4 Bb6 34. Bd6 Ra7 35. Rb4 Bc7 36. Bxc7 Kxc7 37. Kf4 Ra2 38. f3 Ra3 39. g4 Kc8 40.
Rc4 Kd7 41. Rb4 Kc7 42. Rb1 Rd3 43. Ke4 Ra3 44. gxh5 gxh5 45. Rg1 Kd7 46. Rg5 Ra4 47. Ke3 Ra3+ 48. Kf2 Ra4 49. Ke3 Ra3+ 50. Ke4 Ra4 51.
Kd3 Ra3+ 52. Kc4 Rxf3 53. Rxh5 Rh3 54. Rh8 Ke7 55. h5 Rh1 56. h6 Kd7 57. Kd3 Ke7 58. Ke4 Rh5 59. Kf4 1-0

[Event "*** Titled Tuesday Blitz"]
[Site "Chess.com"]
[Date "2021.04.27"]
[Round "1"]
[White "ShahMatKanal"]
[Black "VladDobrov"]
[Result "1-0"]
[WhiteElo "2410"]
[BlackElo "2712"]
[TimeControl "180+1"]
[EndTime "10:07:35 PDT"]
[Termination "ShahMatKanal won by resignation"]

1. d4 Nf6 2. Nf3 e6 3. c4 d5 4. cxd5 exd5 5. Nc3 c6 6. Bg5 Bf5 7. e3 Nbd7 8. Bd3 Bxd3 9. Qxd3 Bd6 10. O-O O-O 11. a3 a5 12. Qc2 Re8 13. Bh4 h6 14. Rab1 Re6 15. Rfe1 b5 16. Ne2 Qe8 17. Bg3 Bf8 18. Nf4 Rd6 19. Nd3 Re6 20. h3 Ne4 21. Bh2 g5 22. Nfe5 Nef6 23. f4 Ne4 24. f5 Rf6 25. g4 Rc8 26. Nxd7 Qxd7 27. Be5 Bd6 28. Qh2 Re8 29. Rbc1 c5 30. Bxd6 Rxd6 31. Nxc5 Nxc5 32. Rxc5 b4 33. axb4 axb4 34. h4 Re4 35. Qg3 gxh4 36. Qxh4 Qxf5 37. gxf5 Rxh4 38. Kg2 Rg4+ 39. Kf3 Rg5 40.
Kf4 Kg7 41. Rh1 b3 42. Rb5 Rf6 43. Rxd5 Rg2 44. Rh3 Rxb2 45. Rg3+ Kh7 46. Ke5 Rb6 47. f6 Rf2 48. Rg7+ 1-0

[Event "*** Titled Tuesday Blitz"]
[Site "Chess.com"]
[Date "2021.04.27"]
[Round "1"]
[White "PavelChernomordik"]
[Black "dusanacns"]
[Result "0-1"]
[WhiteElo "2379"]
[BlackElo "2715"]
[TimeControl "180+1"]
[EndTime "10:07:35 PDT"]
[Termination "dusanacns won on time"]

1. e4 g6 2. d4 Bg7 3. Nc3 d6 4. f4 Nf6 5. Nf3 O-O 6. Be3 b6 7.
e5 Ng4 8. Bg1 c5 9. h3 Nh6 10.
dxc5 dxe5 11. Qxd8 Rxd8 12. fxe5 bxc5 13. Bxc5 Nc6 14.
Bb5 Nxe5 15. Bxe7 Nxf3+ 16. gxf3 Rd4 17. O-O Bxh3 18. Rfd1 Nf5 19. Kh2 Nxe7 20. Kxh3 Rb4 21. Nd5 Rxb5 22. Nxe7+ Kf8 23. Nd5 Rxb2 24. Rac1 Rc8 25. c4 Rxa2 26. c5 Ra6 27. Nb4 Rf6 28. Kg2 a5 29. Nd3 a4 30. Rc4 Ra6 31. Nb4 Ra7 32. c6 a3 33. Rd2 Bf6 34. Nd5 Be5 35.
f4 Bc7 36. Ra2 Kg7 37. Nc3 Rb8 38. Ra4 Rxa4 39. Nxa4 Rb3 40. Nc5 Rb2+ 0-1

[Event "*** Titled Tuesday Blitz"]
[Site "Chess.com"]
[Date "2021.04.27"]
[Round "1"]
[White "monikarozman"]
[Black "ukchessbomber"]
[Result "1-0"]
[WhiteElo "2190"]
[BlackElo "2506"]
[TimeControl "180+1"]
[EndTime "10:07:35 PDT"]
[Termination "monikarozman won by resignation"]

1. d4 Nf6 2. c4 g6 3. Nc3 Bg7 4. e4 d6 5. Nf3 O-O 6. Be2 e5 7.
O-O Nbd7 8. Be3 Ng4 9. Bg5 f6 10. Bh4 Nh6 11. Rc1 Nf7 12. b4 g5 13. Bg3 h5 14. h4 g4 15. Ne1 exd4 16. Nb5 Nh6 17.
Nxd4 Ne5 18. Nd3 f5 19. Nf4 Qe8 20. exf5 Nxf5 21. Nxf5 Bxf5 22. Re1 Qf7 23. c5 dxc5 24. Rxc5 Rad8 25. Qc1 Qf6 26. Nxh5 Qh6 27. Nxg7 Nf3+ 28. gxf3 Qxc1 29. Rexc1 gxf3 30. Bxf3 Kxg7 31. Rxc7+ Kg6 32.
h5+ Kg5 33. Rg7+ Kh6 34. Rxb7 Bc8 35. Rc6+ Kg5 36. Rg7+ Kf5 37. Rc5+ Ke6 38. Bg4+ Kf6 39. Rg6+ Kf7 40. Rc7+ Ke8 41. Rxc8 Rxc8 42. Bxc8 Rf7 43. Be6 Re7 44. Bh4 Rxe6 45. Rxe6+ Kd7 46. Re7+ Kc8 47. h6 1-0

[Event "*** Titled Tuesday Blitz"]
[Site "Chess.com"]
[Date "2021.04.27"]
[Round "1"]
[White "DenLaz"]
[Black "InitiatingASC"]
[Result "1-0"]
[WhiteElo "2827"]
[BlackElo "2426"]
[TimeControl "180+1"]
[EndTime "10:07:36 PDT"]
[Termination "DenLaz won by checkmate"]

1. d4 Nf6 2. c4 g6 3. g3 Bg7 4. Bg2 O-O 5. Nc3 d6 6. Nf3 c5 7.
O-O Nc6 8. dxc5 dxc5 9. Bf4 Be6 10. Ne5 Nxe5 11. Bxe5 Qb6 12. Qb3 Rad8 13. Bxb7 Rd2 14.
Qxb6 axb6 15. b3 Rfd8 16. Rfc1 Bh6 17. Bxf6 exf6 18. e3 Bg4 19. Bd5 Bg7 20. Kg2 Re8 21.
h3 Bc8 22. Rd1 Rc2 23. Rac1 Rb2 24. Bc6 Rf8 25. Rd6 f5 26. Bf3 Bxc3 27. Rxc3 Rxa2 28. Rxb6 Be6 29. Bd5 Bxd5+ 30. cxd5 Rd2 31. Rxc5 Ra8 32. Kf3 Raa2 33. Kf4 Rxf2+ 34. Ke5 Kg7 35. d6 Rad2 36. Rd5 Rxd5+ 37. Kxd5 Rd2+ 38. Kc6 Kf6 39. Kc7 Ke6 40. Rc6 Rd3 41. b4 Rxe3 42. d7+ Ke7 43. d8=Q# 1-0

[Event "*** Titled Tuesday Blitz"]
[Site "Chess.com"]
[Date "2021.04.27"]
[Round "1"]
[White "AlexPapasimakopoulos"]
[Black "IngOscarArdila"]
[Result "1-0"]
[WhiteElo "2575"]
[BlackElo "2244"]
[TimeControl "180+1"]
[EndTime "10:07:36 PDT"]
[Termination "AlexPapasimakopoulos won by checkmate"]

1. d4 Nf6 2. c4 g6 3. Nc3 Bg7 4. e4 d6 5. f3 O-O 6. Nge2 e5 7.
Be3 exd4 8. Nxd4 Nbd7 9. Be2 Re8 10. O-O Nf8 11. Qd2 Ne6 12. Nc2 Bd7 13. Rad1 Qe7 14.
Nd5 Qf8 15. b4 a5 16. bxa5 h5 17. Rb1 Reb8 18. Rb3 Ba4 19. Rb4 Bc6 20. Rb3 Ba4 21. Rbb1 Bc6 22. Ncb4 Bd7 23. Nd3 Bc6 24. N3f4 Nxf4 25.
Bxf4 Bxd5 26. cxd5 Nd7 27. Rb5 b6 28. axb6 Nxb6 29.
Rc1 Qe7 30. Rc2 Ra7 31. Rb1 Rba8 32. Rbc1 Qd8 33. Bb5 Ra3 34. h3 R8a5 35. Bf1 Ra7 36. Be3 Kh8 37. Bd4 Bxd4+ 38. Qxd4+ Kh7 39. e5 Rxa2 40. Rxa2 Rxa2 41. e6 Qg5 42. Rxc7 Qd2 43. Rxf7+ Kh6 44. Qg7+ Kg5 45. f4+ Kh4 46. Qf6+ g5 47.
Qxg5# 1-0

[Event "*** Titled Tuesday Blitz"]
[Site "Chess.com"]
[Date "2021.04.27"]
[Round "1"]
[White "dretch"]
[Black "fyall777"]
[Result "1-0"]
[WhiteElo "2801"]
[BlackElo "2422"]
[TimeControl "180+1"]
[EndTime "10:07:37 PDT"]
[Termination "dretch won on time"]

1. d4 e6 2. c4 Nf6 3. Nc3 Bb4 4.
Qc2 c5 5. dxc5 Qa5 6. Bd2 Na6 7. a3 Nxc5 8. Rc1 Bxc3 9. Bxc3 Qa4 10. b4 Qxc2 11. Rxc2 Na4 12. Bxf6 gxf6 13. e3 b6 14. Be2 Bb7 15. Bf3 Bxf3 16. Nxf3 Ke7 17. Ke2 Rhc8 18.
Rhc1 d6 19. e4 Rc7 20. Nd4 a6 21. Kf3 Rac8 22. Kg4 b5 23. cxb5 Rxc2 24. Rxc2 Rxc2 25. Nxc2 axb5 26. Kh5 Nc3 27. f3 Kf8 28. Kh6 Kg8 29. Ne3 Nb1 30. Ng4 Nxa3 31. Nxf6+ Kh8 32. Ne8 d5 33. exd5 exd5 34. Nd6 Kg8 35. Kg5 Nc2 36.
Kf4 Nxb4 37. Nxb5 Nc6 38. Nc7 d4 39. Ke4 Kg7 40. Nb5 Kg6 41. Nxd4 Ne7 42. Ke5 h5 43. h4 Ng8 44. Ne2 Kh6 45. Nf4 Ne7 46. Kf6 Nc6 47. Kxf7 Ne5+ 48. Kf6 Nc4 49. g4 hxg4 50.
fxg4 Ne3 51. g5+ Kh7 52. Kf7 Nf5 53. g6+ Kh6 54. h5 Ng7 55. Kf6 Ne8+ 56. Ke7 Ng7 57. Kf7 Nf5 58. Ne2 Nd6+ 59. Ke6 1-0

[Event "*** Titled Tuesday Blitz"]
[Site "Chess.com"]
[Date "2021.04.27"]
[Round "1"]
[White "northridgehawk"]
[Black "Sammed_Shete"]
[Result "1/2-1/2"]
[WhiteElo "2319"]
[BlackElo "2638"]
[TimeControl "180+1"]
[EndTime "10:07:37 PDT"]
[Termination "Game drawn - insufficient material"]

1. e4 c5 2. Nf3 d6 3. d4 cxd4 4. Nxd4 Nf6 5. Nc3 a6 6. h3 e5 7. Nde2 h5 8. g3 Be6 9. Bg2 Nbd7 10. O-O b5 11. Be3 Nb6 12. b3 Be7 13. a4 b4 14. Nd5 Nbxd5 15. exd5 Bf5 16. Qd2 a5 17. f4 exf4 18. Nxf4 Bh7 19. Bd4 O-O 20. Rae1 Rc8 21. Nd3 Re8 22. Re2 Bf8 23. Bxf6 Rxe2 24. Qxe2 gxf6 25. Qxh5 Rxc2 26. Qg4+ Kh8 27. Nf4 Qc8 28. Qh4 Be7 29. Nh5 Qc5+ 30. Kh1 Rf2 31. Re1 Rxg2 32.
Nxf6 Qc2 33. Qxh7+ Qxh7 34. Nxh7 Rb2 35. Rxe7 Kxh7 36.
Rxf7+ Kg6 37. Rd7 Rxb3 38. Rxd6+ Kf5 39. Ra6 Rxg3 40. Rxa5 Rxh3+ 41. Kg2 Rd3 42. Rb5 b3 43. a5 Ke5 44. a6 Rxd5 45. Rxb3 Ra5 46. Rb6 Kd5 47. Rh6 Kc4 48. Kf3 Kb5 49. Ke4 Rxa6 50.
Rxa6 Kxa6 1/2-1/2

[Event "*** Titled Tuesday Blitz"]
[Site "Chess.com"]
[Date "2021.04.27"]
[Round "1"]
[White "PawnEatingZombie"]
[Black "davidkalashian"]
[Result "0-1"]
[WhiteElo "2239"]
[BlackElo "2568"]
[TimeControl "180+1"]
[EndTime "10:07:37 PDT"]
[Termination "davidkalashian won on time"]

1. d4 Nf6 2. c4 e6 3. Nc3 Bb4 4. Qc2 c5 5. dxc5 O-O 6. a3 Bxc5 7. Nf3 b6 8. Bf4 Bb7 9. e3 Nh5 10. Bg5 Be7 11. Bxe7 Qxe7 12. Be2 d6 13. O-O Nd7 14. Rad1 Rfd8 15. Nd4 Nhf6 16. Bf3 Ne5 17. Bxb7 Qxb7 18. b3 a6 19. h3 Rac8 20. f4 Nc6 21. Qd3 d5 22. Nxc6 Qxc6 23. f5 Re8 24. fxe6 fxe6 25. Ne2 dxc4 26. bxc4 Qxc4 27. Qxc4 Rxc4 28. Rd6 Ra4 29.
Rxb6 Rxa3 30. Nd4 Rxe3 31. Rxa6 h6 32. Ra7 Re4 33. Nc6 Re2 34. Rb1 Nh5 35. Rbb7 Rf8 36. g4 Re1+ 37. Kg2 Re2+ 38. Kg1 Re1+ 39. Kg2 Nf4+ 40.
Kg3 Re3+ 41. Kf2 Nd5+ 42. Kg2 Re2+ 0-1

[Event "*** Titled Tuesday Blitz"]
[Site "Chess.com"]
[Date "2021.04.27"]
[Round "1"]
[White "GM_LOADING"]
[Black "anon569"]
[Result "1-0"]
[WhiteElo "2548"]
[BlackElo "2213"]
[TimeControl "180+1"]
[EndTime "10:07:38 PDT"]
[Termination "GM_LOADING won on time"]

1. e4 c5 2. Nf3 d6 3. d4 cxd4 4. Nxd4 Nf6 5. Nc3 a6 6. h3 e6 7. g4 Be7 8. Bg2 Qc7 9. O-O Nc6 10. a4 Nd7 11. Be3 Nce5 12. f4 Nc4 13. Bc1 b6 14. Qd3 Bb7 15. b3 Na5 16. Bb2 Rc8 17. Rad1 O-O 18.
g5 Rfe8 19. Nde2 b5 20. axb5 Qc5+ 21. Kh1 axb5 22. Rd2 b4 23. Na2 Qb6 24. Rfd1 Nc5 25. Qe3 Ba6 26. Ng3 Nc6 27. Nh5 Bf8 28. Qg3 e5 29. f5 Qa5 30. Nc1 Nd4 31. Rxd4 exd4 32. Bxd4 Nxe4 33. Qh4 d5 34. g6 fxg6 35. fxg6 h6 36. Rf1 Ng5 37. Nxg7 Ne6 38. Bf6 Nxg7 39. Qxh6 1-0

[Event "*** Titled Tuesday Blitz"]
[Site "Chess.com"]
[Date "2021.04.27"]
[Round "1"]
[White "Dinamo81"]
[Black "SargissyanSargis"]
[Result "1-0"]
[WhiteElo "2711"]
[BlackElo "2373"]
[TimeControl "180+1"]
[EndTime "10:07:39 PDT"]
[Termination "Dinamo81 won on time"]

1. d4 Nf6 2. Bf4 g6 3. Nc3 d5 4.
e3 Bg7 5. h4 h5 6. Nf3 Bf5 7.
Be2 Ne4 8. Nxe4 dxe4 9. Ng5 c5 10. c3 cxd4 11. exd4 Nd7 12. Qb3 O-O 13. Rd1 Qb6 14.
Bc4 e6 15. Be3 Qxb3 16. Bxb3 Nb6 17. Bc2 Nc4 18. Rb1 Bh6 19. Bb3 Nxe3 20. fxe3 Bxg5 21.
hxg5 Kg7 22. Kd2 b6 23. Bc2 Rac8 24. Rbf1 Rfd8 25. Rh4 Rd5 26. b3 Bg4 27. Bxe4 Rxg5 28. Rf2 e5 29. Bb7 Rd8 30. d5 Be6 31. c4 Rg4 32. Rxg4 Bxg4 33. b4 Bc8 34. Bc6 Bd7 35.
Bxd7 Rxd7 36. e4 Rc7 37. Kd3 Kf8 38. Rc2 Ke7 39. c5 bxc5 40. bxc5 Kd7 41. c6+ Kd6 42.
Rb2 f5 43. Rb8 fxe4+ 44. Kxe4 g5 45. Rd8+ Kc5 46. Rd7 Rc8 47. Kxe5 1-0

[Event "*** Titled Tuesday Blitz"]
[Site "Chess.com"]
[Date "2021.04.27"]
[Round "1"]
[White "Grandmaster2B"]
[Black "dodorox"]
[Result "1-0"]
[WhiteElo "2510"]
[BlackElo "2131"]
[TimeControl "180+1"]
[EndTime "10:07:39 PDT"]
[Termination "Grandmaster2B won on time"]

1. e4 d6 2. d4 e5 3. Nf3 Nd7 4. Nc3 Be7 5. Bc4 Ngf6 6. O-O O-O 7. Qe2 c6 8. Rd1 Qc7 9. a4 b6 10. h3 a6 11. Bg5 Bb7 12. d5 c5 13. Nh4 Rfe8 14. Nf5 Bf8 15. Qf3 Bc8 16. Nh6+ gxh6 17. Bxf6 Nxf6 18. Qxf6 Bg7 19. Qh4 f5 20. exf5 Bxf5 21. Bd3 Qf7 22. Bxf5 Qxf5 23. Ne4 Rad8 24. Rd3 Rf8 25. Rg3 Kh8 26. Raa3 Bf6 27. Nxf6 Qxf6 28.
Qh5 Qxf2+ 29. Kh2 Rg8 30. Qxh6 Qf4 31. Qxf4 exf4 32. Rgf3 Rgf8 33. Rab3 Rb8 34. c4 a5 35. Rb5 Rf7 36. Kg1 Kg7 37. Kf2 Kg6 38. Ke2 Kf5 39. Kd3 Re7 40. g3 Re3+ 41. Rxe3 fxe3 42. Kxe3 Re8+ 43.
Kf3 Rb8 44. Rb3 Rb7 45. Re3 h5 46. Re6 Rd7 47. h4 Rd8 48. b3 Rd7 49. Rh6 Rf7 50.
Ke3 Kg4 51. Rxd6 Kxg3 52. Rxb6 Kxh4 53. Rg6 Rb7 54. d6 Rxb3+ 55. Ke4 Rb1 56. d7 Rd1 57. Rg7 Kh3 58. Kf3 h4 59. Rg1 Kh2 60. Rxd1 1-0

[Event "*** Titled Tuesday Blitz"]
[Site "Chess.com"]
[Date "2021.04.27"]
[Round "1"]
[White "Grandmaster1369"]
[Black "chessmachine14"]
[Result "1-0"]
[WhiteElo "2596"]
[BlackElo "2270"]
[TimeControl "180+1"]
[EndTime "10:07:40 PDT"]
[Termination "Grandmaster1369 won on time"]

1. e4 c5 2. Nf3 e6 3. d3 d5 4. Qe2 Ne7 5. g3 Nbc6 6. Bg2 g6 7. O-O Bg7 8. e5 Qc7 9. Re1 h6 10. c4 g5 11. Nc3 a6 12. h4 g4 13. Nh2 d4 14. Qxg4 Bxe5 15. Nf3 dxc3 16. Nxe5 Nxe5 17. Qg7 N5g6 18. h5 Rg8 19. Qxh6 Nh4 20. Bf4 Nhf5 21.
Qf6 Qd7 22. h6 Qxd3 23. h7 Rf8 24. h8=Q cxb2 25. Rad1 b1=Q 26. Rxb1 Bd7 27. Rbd1 Qxc4 28. Qxf8+ Kxf8 29. Rxd7 Qb4 30. Qh8+ Ng8 31. Bh6+ Ke8 32. Qxg8+ Kxd7 33. Rd1+ Kc7 34. Bf4+ e5 35. Bxe5+ Kb6 36. Qxa8 Qg4 37. Qd8+ Kb5 38. Qd3+ c4 39. Qd5+ Ka4 40. Rd4 b5 41. Rxg4 1-0